 Dungeon Crawl Stone Soup version 0.31.0-11-ge490571c62 (webtiles) character file.

Game seed: 719298040180796628

43 qw the Shooter (level 3, -2/18 HPs)
             Began as a Spriggan Hunter on Feb 4, 2024.
             Slain by a goblin
             ... wielding a +0 club
             ... led by Robin
              (3 damage)
             ... on level 2 of the Dungeon.
             The game lasted 00:00:03 (860 turns).

qw the Shooter (Spriggan Hunter)                     Turns: 860, Time: 00:00:03

Health: -2/18      AC:  2    Str:  7    XL:     3   Next: 37%
Magic:  4/4        EV: 19    Int: 10    God:
Gold:   57         SH:  0    Dex: 20    Spells: 2/2 levels left

rFire   . . .        a - +0 shortbow
rCold   . . .        (shield currently unavailable)
rNeg    . . .        c - +0 robe
rPois   .            (helmet restricted)
rElec   .            (no cloak)
rCorr   .            (gloves unavailable)
SInv    +            (boots unavailable)
Will    .....        (no amulet)
Stlth   ++           (no ring)
HPRegen 0.23/turn    (no ring)
MPRegen 0.09/turn

%: no passive effects
@: very quick
A: very small, no large weapons, unfitting armour, see invisible, speed 3
a: no special abilities


You were on level 2 of the Dungeon.
You visited 1 branch of the dungeon, and saw 2 of its levels.

You collected 57 gold pieces.


Innate Abilities, Weirdness & Mutations

You are very small and have problems with some larger weapons.
You are too small for most types of armour.
You have supernaturally acute eyesight. (SInv)
You cover ground extremely quickly. (Speed+++)


   Skills:
 - Level 1.5 Fighting
 + Level 4.7 Ranged Weapons
 - Level 4.0 Dodging
 - Level 1.5 Stealth


You had 2 spell levels left.
You didn't know any spells.
Your spell library was empty.

Inventory:

Hand Weapons
 a - a +0 shortbow (weapon)
Armour
 c - a +0 robe (worn)
Potions
 f - a potion of cancellation

Dungeon Overview and Level Annotations

Branches:
Dungeon (2/15)

Altars:

Annotations:
D:2 Robin


Message History

A goblin comes into view. It is wielding a staff of fire.
The goblin closely misses you. The goblin completely misses you.
The hobgoblin misses you.
You shoot an arrow. The arrow barely misses the goblin.
The goblin shouts!
A frilled lizard comes into view.
The goblin closely misses you. The goblin hits you with a +0 club.
The hobgoblin closely misses you.
You shoot an arrow. The frilled lizard hisses angrily.
The arrow hits the goblin.
You kill the goblin!
The goblin barely misses you. The hobgoblin closely misses you.
You shoot an arrow. The arrow hits the goblin.
You kill the goblin!
The hobgoblin completely misses you. The goblin closely misses you.
You shoot an arrow. The arrow barely misses the hobgoblin.
The hobgoblin hits you. The hobgoblin closely misses you.
The goblin closely misses you. The goblin completely misses you.
Robin throws the goblin at you! The hobgoblin closely misses you.
The goblin barely misses you.
You shoot an arrow.
The arrow hits Robin but does no damage.
Robin is moderately wounded.
The goblin misses you. The goblin hits you with a +0 club.
The hobgoblin hits you. The hobgoblin closely misses you.
You shoot an arrow.
The arrow hits Robin but does no damage.
Robin is moderately wounded.
The hobgoblin no longer looks unusually strong.
The goblin no longer looks unusually strong.
The goblin misses you. The goblin hits you with a +0 club. x2
An endoplasm comes into view.
The hobgoblin hits you. The hobgoblin misses you. Robin misses you.
You shoot an arrow.
The arrow hits Robin but does no damage.
Robin is lightly wounded.
The hobgoblin no longer looks unusually strong.
The goblin closely misses you. The goblin hits you with a +0 club.
You die...

..#.##...##.########...
..J.##....)............
#.............###...#
#.............##...<. #
##................#.#.
#.#........!......#.#.#.
#....#..#.............#.
#..#..g##........#......
#. ##.g@g............. .
#>ggg.......##.### .
##gl........#.. #
........... .g.........
.........$..
.........>...
..............


You could see Robin, an endoplasm, 2 hobgoblins, 5 goblins and a frilled lizard.

Vanquished Creatures
  A bat (D:2)
  3 endoplasms
  A giant cockroach (D:1)
  6 goblins
  9 hobgoblins
  3 jackals (D:1)
  A quokka (D:1)
  2 frilled lizards (D:1)
  5 kobolds (D:1)
  4 rats
35 creatures vanquished.

Notes
Turn   | Place    | Note
-------+----------+-------------------------------------------
     0 | D:1      | qw the Spriggan Hunter began the quest for the Orb.
     0 | D:1      | Reached XP level 1. HP: 10/10 MP: 2/2
     0 | D:1      | 0 ||| qw: Version: 0.3-a-160-g6735b56
     0 | D:1      | 0 ||| qw: Game counter: 5512
     0 | D:1      | 0 ||| qw: Melee chars always use a shield: true
     0 | D:1      | 0 ||| qw: God list: Okawaru
     0 | D:1      | 0 ||| qw: Allow faded altars: false
     0 | D:1      | 0 ||| qw: Do Orc after clearing Dungeon:15 true
     0 | D:1      | 0 ||| qw: Do second Lair branch before Depths: true
     0 | D:1      | 0 ||| qw: Lair rune preference: random
     0 | D:1      | 0 ||| qw: Goals: Normal
     0 | D:1      | 0 ||| PLANNING D:1-11
    76 | D:1      | Reached skill level 3 in Dodging
   206 | D:1      | Reached XP level 2. HP: 14/14 MP: 3/3
   697 | D:1      | Reached XP level 3. HP: 18/18 MP: 4/4
   731 | D:1      | 731 ||| READING scroll labelled CEUXKUAKHLY.
   731 | D:1      | 731 ||| ENCHANTING +0 shortbow.
   732 | D:1      | 732 ||| READING scroll labelled SOBUUS FUESYOD.
   732 | D:1      | 732 ||| IDENTIFYING viscous clear potion
   733 | D:1      | 733 ||| DRINKING 2 viscous blue potions.
   734 | D:1      | 734 ||| DROPPING scroll of butterflies.
   735 | D:1      | 735 ||| DROPPING potion of brilliance.
   823 | D:2      | Found a faded altar of an unknown god.
   845 | D:2      | Noticed Robin
   859 | D:2      | HP: 4/18 [goblin/+0 club[Robin] (3)]
   859 | D:2      | HP: 1/18 [hobgoblin[Robin] (3)]
   860 | D:2      | Slain by a goblin

Levels and vault maps discovered:
D:1:      roderic_dead_forest, layout_loops_corners
D:2:      layout_rooms, shapermc_ecumenical_altar_acropolis, roderic_lattice_a,
          uniq_robin, uniq_terence

Skill      XL: |  1  2 |
---------------+-------+-----
Dodging        | 3 4 |  4.0
Fighting       | |  1.5
Ranged Weapons | |  4.7
Stealth        | |  1.5

Action                     || total
---------------------------++-------
   Fire: Shortbow          ||    88
    Use: Scroll            ||     2
         Potion            ||     1
 Armour: Robe              ||    16
  Dodge: Dodged            ||    37

Table legend:
 A = Non-vault XP
 B = Vault XP
 C = Vault XP percentage of total XP
 D = Non-vault monster count
 E = Vault monster count
 F = Vault count percentage of total count
                 A         B        C        D         E       F
            +---------+---------+-------+---------+---------+-------
      Total |      58 |       4 |   6.5 |      33 |       2 |   5.7
            +---------+---------+-------+---------+---------+-------
        D:1 |      41 |       0 |   0.0 |      24 |       0 |   0.0
        D:2 |      17 |       4 |  19.0 |       9 |       2 |  18.2
            +---------+---------+-------+---------+---------+-------
